 Dungeon Crawl Stone Soup version 0.22.1-2-g9c5b331 (webtiles) character file.

1103775 dvd the Axe Maniac (level 27, 0/245 HPs)
             Began as a Minotaur Gladiator on Nov 21, 2018.
             Was the Champion of the Shining One.
             Slain by an iron giant
             ... wielding a +0 giant spiked club
              (41 damage)
             ... on level 4 of the Iron City of Dis on Nov 22, 2018.
             The game lasted 04:30:52 (65414 turns).

dvd the Axe Maniac (Minotaur Gladiator)            Turns: 65414, Time: 04:30:55

Health: 0/245      AC: 40    Str: 22      XL:     27
Magic:  0/47       EV: 20    Int:  5 (6)  God:    the Shining One [******]
Gold:   8607       SH: 22    Dex: 28 (30) Spells: 24/26 levels left

rFire    + + .     SeeInvis .   Z - +7 broad axe (holy)
rCold    + + .     Gourm    .   T - +3 buckler "Xauthru" {Regen+ Str+4}
rNeg     + + +     Faith    .   U - +10 gold dragon scales
rPois    +         Spirit   +   N - +1 hat of Imofunog {+Inv Str-2 Int-2 Dex+9}
rElec    +         Reflect  +   M - scarf {Spirit}
rCorr    +         Harm     .   x - +2 pair of gloves {archery}
MR       +++..                  d - +0 pair of boots of Plasticity {rPois MP+9 Str-2 Slay+5}
Stlth    ..........             V - +6 amulet of reflection
HPRegen  0.90/turn              W - ring "Ucwiohom" {rElec MR+}
MPRegen  0.30/turn              c - ring "Patohawn" {rCorr +Inv rF+ rN+ Dex+6}

@: glowing, studying Stealth
A: retaliatory headbutt, horns 2, iridescent scales 1, clever 1, clumsy 2, cold
resistance 1, deformed body, frail 1, sense surroundings 1, screaming 1, weak 1,
subdued magic 2
}: 12/15 runes: decaying, slimy, silver, icy, bone, abyssal, demonic, glowing,
magical, fiery, dark, gossamer
a: Divine Shield, Cleansing Flame, Summon Divine Warrior, Renounce Religion,
Evoke Invisibility


You were on level 4 of the Iron City of Dis.
You worshipped the Shining One.
The Shining One was exalted by your worship.
You were not hungry.

You visited 14 branches of the dungeon, and saw 71 of its levels.
You visited Pandemonium 1 time, and saw 17 of its levels.
You visited the Abyss 3 times.
You also visited: Labyrinth and Trove.

You collected 11223 gold pieces.
You spent 2616 gold pieces at shops.

Inventory:

Hand Weapons
 j - the +8 mithril axe "Arga" {speed, MR+}
   (Okawaru gifted it to you on level 4 of the Swamp)

   Attacks with this weapon are significantly faster.
   It affects your resistance to hostile enchantments.
 m - a +9 broad axe of electrocution
 Z - a +7 broad axe of holy wrath (weapon)
Missiles
 H - 17 poisoned javelins
 P - 23 javelins of penetration
 S - 6 silver javelins (quivered)
Armour
 a - the +2 hat of Music {-Cast +Blink rN+ Int+2}
   (You found it on level 7 of Tartarus)

   It affects your intelligence (+2).
   It protects you from negative energy.
   It lets you blink.
   It prevents spellcasting.
 b - a +1 pair of boots of flying
 d - the +0 pair of boots of Plasticity (worn) {rPois MP+9 Str-2 Slay+5}
   (You found it on level 2 of the Depths)

   It affects your strength (-2).
   It affects your accuracy and damage with ranged weapons and melee attacks
   (+5).
   It protects you from poison.
   It affects your magic capacity (+9).
 q - the +0 shield of Objectivity {rN++ MR+}
   (You found it in Pandemonium)

   It greatly protects you from negative energy.
   It affects your resistance to hostile enchantments.
 u - a +2 pair of boots of running
 x - a +2 pair of gloves of archery (worn)
 M - a scarf of spirit shield (worn)
 N - the +1 hat of Imofunog (worn) {+Inv Str-2 Int-2 Dex+9}
   (You found it in a treasure trove)

   It affects your strength (-2).
   It affects your intelligence (-2).
   It affects your dexterity (+9).
   It lets you turn invisible.
 T - the +3 buckler "Xauthru" (worn) {Regen+ Str+4}
   (You found it on level 3 of the Swamp)

   It affects your strength (+4).
   It increases your rate of regeneration.
 U - +10 gold dragon scales (worn)
 X - the +3 warlock's mirror {reflect}
   (You found it on level 12 of the Dungeon)
Jewellery
 c - the ring "Patohawn" (right hand) {rCorr +Inv rF+ rN+ Dex+6}
   (You took it off a tengu reaver on level 5 of the Vaults)

   [ring of resist corrosion]

   It affects your dexterity (+6).
   It protects you from fire.
   It protects you from negative energy.
   It lets you turn invisible.
 p - the ring "Reafruku" {rPois Dex+3}
   (You took it off Antaeus on level 7 of Cocytus)

   [ring of dexterity]

   It affects your dexterity (+3).
   It protects you from poison.
 s - the ring of Broken Luck {AC+2 Dex+6}
   (You found it on level 2 of the Spider Nest)

   [ring of protection]

   It affects your AC (+2).
   It affects your dexterity (+6).
 F - the amulet of Arosung {+Rage rF+ Str+3 Dex+2}
   (You acquired it on level 3 of the Elven Halls)

   [amulet of rage]

   It affects your strength (+3).
   It affects your dexterity (+2).
   It protects you from fire.
   It lets you go berserk.
 V - a +6 amulet of reflection (around neck)
 W - the ring "Ucwiohom" (left hand) {rElec MR+}
   (You took it off a deep elf death mage on level 5 of the Vaults)

   [ring of protection from magic]

   It insulates you from electricity.
   It affects your resistance to hostile enchantments.
Wands
 i - a wand of scattershot (22)
 k - a wand of digging (62)
 w - a wand of paralysis (18)
 B - a wand of disintegration (111)
 D - a wand of iceblast (98)
 I - a wand of acid (56)
 Q - a wand of flame (86)
Scrolls
 h - 28 scrolls of teleportation
 l - 17 scrolls of identify
 t - 9 scrolls of fog
 v - 35 scrolls of remove curse
 y - 5 scrolls of fear
 J - 7 scrolls of blinking
Potions
 e - 8 potions of flight
 g - 2 potions of agility
 n - a potion of haste
 r - 3 potions of cancellation
 z - 16 potions of curing
 A - 2 potions of might
 C - 5 potions of ambrosia
 K - 2 potions of resistance
 L - a potion of berserk rage
 O - 13 potions of brilliance
 R - 10 potions of heal wounds
Books
 E - a manual of Stealth
Comestibles
 f - 70 rations


   Skills:
 O Level 27 Fighting
 O Level 27 Axes
   Level 7.2(19.6) Maces & Flails
 * Level 14.6 Throwing
 O Level 27 Armour
 * Level 18.7 Dodging
 + Level 5.5 Stealth
 O Level 27 Shields
 + Level 25.3 Invocations
 + Level 1.9 Evocations


You had 24 spell levels left.
You knew the following spells:

 Your Spells              Type           Power        Failure   Level  Hunger
a - Blink                 Tloc           N/A          99%         2    ###....

Your spell library contained the following spells:

 Spells                   Type           Power        Failure   Level  Hunger
 Animate Skeleton         Necr           N/A          99%         1    ##.....
 Apportation              Tloc           #.....       99%         1    ##.....
 Beastly Appendage        Tmut           #.....       99%         1    ##.....
 Confusing Touch          Hex            #.....       99%         1    ##.....
 Corona                   Hex            #......      99%         1    ##.....
 Flame Tongue             Conj/Fire      #....        99%         1    ##.....
 Freeze                   Ice            #...         99%         1    ##.....
 Infusion                 Chrm           #...         99%         1    ##.....
 Magic Dart               Conj           #...         99%         1    ##.....
 Pain                     Necr           #...         99%         1    ##.....
 Sandblast                Erth           #.....       99%         1    ##.....
 Shock                    Conj/Air       #...         99%         1    ##.....
 Sting                    Conj/Pois      #...         99%         1    ##.....
 Summon Butterflies       Summ           #.......     99%         1    ##.....
 Summon Small Mammal      Summ           #...         99%         1    ##.....
 Call Imp                 Summ           #.......     99%         2    ###....
 Corpse Rot               Necr           N/A          99%         2    ###....
 Ensorcelled Hibernation  Hex/Ice        #.....       99%         2    ###....
 Passwall                 Tmut/Erth      #.......     99%         2    ###....
 Poisonous Vapours        Pois/Air       #.....       99%         2    ###....
 Searing Ray              Conj           #.....       99%         2    ###....
 Shroud of Golubria       Chrm/Tloc      #.........   99%         2    ###....
 Slow                     Hex            #.......     99%         2    ###....
 Song of Slaying          Chrm           #.......     99%         2    ###....
 Sticks to Snakes         Tmut           #.......     99%         2    ###....
 Swiftness                Chrm/Air       #.......     99%         2    ###....
 Throw Flame              Conj/Fire      #.....       99%         2    ###....
 Throw Frost              Conj/Ice       #.....       99%         2    ###....
 Call Canine Familiar     Summ           #.......     100%        3    ####...
 Confuse                  Hex            #.......     100%        3    ####...
 Conjure Flame            Conj/Fire      #.......     100%        3    ####...
 Dazzling Spray           Conj/Hex       #.....       100%        3    ####...
 Gell's Gravitas          Tloc           #.........   100%        3    ####...
 Ignite Poison            Fire/Tmut/Pois #.......     100%        3    ####...
 Inner Flame              Hex/Fire       #.......     100%        3    ####...
 Lesser Beckoning         Tloc           #.........   100%        3    ####...
 Mephitic Cloud           Conj/Pois/Air  #.......     100%        3    ####...
 Ozocubu's Armour         Chrm/Ice       #.......     100%        3    ####...
 Portal Projectile        Hex/Tloc       #.....       100%        3    ####...
 Recall                   Summ/Tloc      N/A          100%        3    ####...
 Regeneration             Chrm/Necr      #.........   100%        3    ####...
 Spectral Weapon          Hex/Chrm       #.......     100%        3    ####...
 Spider Form              Tmut/Pois      #.........   100%        3    ####...
 Static Discharge         Conj/Air       #.......     100%        3    ####...
 Stone Arrow              Conj/Erth      #.....       100%        3    ####...
 Summon Guardian Golem    Hex/Summ       #.......     100%        3    ####...
 Teleport Other           Tloc           #.......     100%        3    ####...
 Tukima's Dance           Hex            #.......     100%        3    ####...
 Vampiric Draining        Necr           #.........   100%        3    ####...
 Airstrike                Air            #.........   100%        4    #####..
 Animate Dead             Necr           N/A          100%        4    #####..
 Cause Fear               Hex            #.........   100%        4    #####..
 Force Lance              Conj/Tloc      #.......     100%        4    #####..
 Fulminant Prism          Conj/Hex       #.........   100%        4    #####..
 Ice Form                 Ice/Tmut       #.......     100%        4    #####..
 Iskenderun's Mystic Bla  Conj           #.......     100%        4    #####..
 Leda's Liquefaction      Hex/Erth       #.........   100%        4    #####..
 Olgreb's Toxic Radiance  Pois           #.......     100%        4    #####..
 Passage of Golubria      Tloc           N/A          100%        4    #####..
 Petrify                  Tmut/Erth      #.......     100%        4    #####..
 Sticky Flame             Conj/Fire      #.......     100%        4    #####..
 Summon Ice Beast         Ice/Summ       #.......     100%        4    #####..
 Summon Lightning Spire   Summ/Air       #.......     100%        4    #####..
 Throw Icicle             Conj/Ice       #.......     100%        4    #####..
 Alistair's Intoxication  Tmut/Pois      #.......     100%        5    ######.
 Aura of Abjuration       Summ           #.........   100%        5    ######.
 Blade Hands              Tmut           #.........   100%        5    ######.
 Bolt of Magma            Conj/Fire/Erth #.........   100%        5    ######.
 Borgnjor's Vile Clutch   Necr/Erth      #.........   100%        5    ######.
 Fireball                 Conj/Fire      #.........   100%        5    ######.
 Iskenderun's Battlesphe  Conj/Chrm      #.......     100%        5    ######.
 Lee's Rapid Deconstruct  Erth           #.........   100%        5    ######.
 Lightning Bolt           Conj/Air       #.........   100%        5    ######.
 Metabolic Englaciation   Hex/Ice        #.........   100%        5    ######.
 Silence                  Hex/Air        #.........   100%        5    ######.
 Summon Demon             Summ           #.........   100%        5    ######.
 Summon Forest            Summ/Tloc      #.........   100%        5    ######.
 Summon Mana Viper        Hex/Summ       #.......     100%        5    ######.
 Venom Bolt               Conj/Pois      #.........   100%        5    ######.
 Yara's Violent Unravell  Hex/Tmut       #.........   100%        5    ######.
 Bolt of Cold             Conj/Ice       #.........   100%        6    #######
 Bolt of Fire             Conj/Fire      #.........   100%        6    #######
 Conjure Ball Lightning   Conj/Air       #.........   100%        6    #######
 Darkness                 Hex            #.........   100%        6    #######
 Death Channel            Necr           #.........   100%        6    #######
 Deflect Missiles         Chrm/Air       #.........   100%        6    #######
 Dispersal                Tloc           #.........   100%        6    #######
 Freezing Cloud           Conj/Ice/Air   #.........   100%        6    #######
 Hydra Form               Tmut           #.........   100%        6    #######
 Invisibility             Hex            #.......     100%        6    #######
 Iron Shot                Conj/Erth      #.........   100%        6    #######
 Ozocubu's Refrigeration  Ice            #.........   100%        6    #######
 Shadow Creatures         Summ           N/A          100%        6    #######
 Simulacrum               Ice/Necr       #.........   100%        6    #######
 Statue Form              Tmut/Erth      #........    100%        6    #######
 Dragon Form              Tmut           #.........   100%        7    #######
 Malign Gateway           Summ/Tloc      #.........   100%        7    #######
 Orb of Destruction       Conj           #.........   100%        7    #######
 Ring of Flames           Chrm/Fire      #.........   100%        7    #######
 Spellforged Servitor     Conj/Summ      #.........   100%        7    #######
 Summon Hydra             Summ           #.........   100%        7    #######
 Controlled Blink         Tloc           N/A          100%        8    #######
 Discord                  Hex            #.........   100%        8    #######
 Disjunction              Tloc           #.........   100%        8    #######
 Ignition                 Fire           #.........   100%        8    #######
 Dragon's Call            Summ           #.........   100%        9    #######
 Shatter                  Erth           #.........   100%        9    #######
 Tornado                  Air            #.........   100%        9    #######


Dungeon Overview and Level Annotations

Branches:
Dungeon (15/15)            Temple (0/1) D:4            Lair (6/6) D:11
  Swamp (4/4) Lair:2       Spider (4/4) Lair:2        Slime (5/5) Lair:5
    Orc (2/2) D:11            Elf (3/3) Orc:2        Vaults (5/5) D:14
  Crypt (3/3) Vaults:2       Tomb (0/3) Crypt:3      Depths (5/5) D:15
   Hell (1/1)                 Dis (4/7) Hell            Geh (0/7) Hell
    Coc (7/7) Hell            Tar (7/7) Hell            Zot (0/5) Depths:5

Altars:
Ashenzari
Dithmenos
Gozag
Hepliaklqana
Kikubaaqudgha
Makhleb
Okawaru
Qazlal
Ru
Sif Muna
Trog
Vehumet
Xom
Yredelemnul
Zin
The Shining One
Beogh
Jiyva

Shops:
D:4 :   D:10 ?[   D:12 *   D:14 *   Orc:2 ?([[(   Vaults:1 }   Vaults:3 %
Vaults:5 ?   Depths:5 *=

Portals:
Hell: Depths:1* Depths:2 Depths:3 Depths:4 Depths:5
Abyss: Depths:4
Pandemonium: Depths:1 Depths:3
Ziggurat: Depths:5


Innate Abilities, Weirdness & Mutations

You reflexively headbutt those who attack you in melee.
You have a pair of horns on your head.
You are partially covered in iridescent scales. (AC +2)
Your mind is acute. (Int +2)
You are very clumsy. (Dex -4)
Your flesh is cold resistant. (rC+)
Armour fits poorly on your strangely shaped body.
You are frail. (-10% HP)
You passively map a small area around you.
You occasionally shout uncontrollably at your foes.
You are weak. (Str -2)
Your spells are easier to cast, but less powerful.


Message History

The blizzard demon waves its arms in wide circles.
The air twists around and strikes you!
* * * LOW HITPOINT WARNING * * *
The iron giant hits you with a great mace!
* * * LOW HITPOINT WARNING * * *
The iron giant throws the blizzard demon at you!
There is an open door, spattered with blood here.
You slash the iron giant! You headbutt the iron giant.
The iron giant is severely wounded.
You hit the blizzard demon but do no damage.
You slash the iron giant!
You block the blizzard demon's attack. x2
Unknown command.
You slice the iron giant!!
The iron giant is almost dead.
You slash the blizzard demon!
You kill the blizzard demon!
The Shining One accepts your kill.
You hit the iron giant but do no damage.
The iron giant hits you with a giant spiked club!!!
You die...

..#...)..#......# ,
..#......#......#......#
#############+###......#
..#.............#......#
..#.............#......#
..#)............#......#
..'.............#^)....#
..#...^........)#C.....#
..#............)@Cz....#
##############)###'#####
, * , .........#, .. ,,
.........# ,...* ,
.........#, ..# ,
.........# , .# ,
.........# ,, #
>........# * *
########## **


You could see 2 iron giants and an ancient champion.

Vanquished Creatures
  Cerebov (Pan)
  the Royal Jelly (Slime:5)
  Ereshkigal (Tar:7)
  Gloorx Vloq (Pan)
  the Serpent of Hell (Coc:7)
  Lom Lobon (Pan)
  Mnoleg (Pan)
  An ancient lich (Crypt:3)
  Khufu (Crypt:1)
  2 juggernauts
  2 greater mummies (Crypt:1)
  Sojobo (Depths:3)
  Saint Roka (Orc:2)
  16 shard shrikes
  Margery (Vaults:2)
  Geryon (Hell)
  A caustic shrike (Depths:4)
  7 golden dragons
  4 pandemonium lords (Pan)
  16 bone dragons
  Arachne (Spider:2)
  2 iron giants
  7 doom hounds
  A Brimstone Fiend (Pan)
  28 Tzitzimimeh
  A Hell Sentinel (Pan)
  4 tentacled monstrosities
  Asterion (Depths:3)
  12 Ice Fiends
  24 titans
  3 quicksilver dragons
  5 deep elf blademasters
  13 liches
  Murray (Hell)
  11 acid blobs
  10 sphinxes
  6 deep elf master archers
  16 Executioners
  An eldritch tentacle (Pan)
  12 ancient champions
  3 tentacled starspawn (Abyss:1)
  12 shadow dragons
  Frances (D:13)
  A thorn hunter (Swamp:4)
  14 tengu reavers
  Kirke (Lair:5)
  Donald (Crypt:1)
  29 fire giants
  5 azure jellies
  11 storm dragons
  2 revenants
  25 frost giants
  10 iron dragons
  15 vault wardens
  An orc warlord (Orc:2)
  12 deep elf sorcerers
  6 ghost moths
  11 balrugs
  Louise (Spider:2)
  9 emperor scorpions
  2 warmongers (Pan)
  6 spriggan defenders (Depths:4)
  3 ghouls
  15 cacodemons
  3 curse skulls
  68 reapers
  12 deep elf elementalists
  2 draconian annihilators (Pan)
  28 stone giants
  An angel (Pan)
  11 ironheart preservers
  3 elemental wellsprings (Coc:7)
  22 very ugly things
  5 war gargoyles
  2 entropy weavers
  3 blood saints (Pan)
  4 deep elf demonologists (Elf:3)
  Azrael (Orc:2)
  11 vampire knights
  4 black suns (Pan)
  8 lorocyprocas
  2 green draconians
  3 corrupters (Pan)
  10 deep elf annihilators
  A black draconian (Depths:5)
  A minotaur (Lab)
  2 red draconians
  5 spark wasps
  A spark wasp (shapeshifter) (Vaults:5)
  3 yellow draconians
  A purple draconian (Crypt:3)
  2 spectral krakens (Tar:7)
  4 eidola
  11 ettins
  Josephine (Lair:4)
  12 green deaths
  14 jiangshi
  A white draconian (Vaults:1)
  8 fire dragons
  13 deep elf death magi
  16 blizzard demons
  4 death oozes (Slime:5)
  A crystal guardian (Vaults:5)
  A fire dragon (shapeshifter) (Depths:2)
  3 quicksilver dragon zombies
  22 yaktaur captains
  A great orb of eyes (shapeshifter) (Vaults:5)
  2 kraken zombies (Hell)
  7 deep elf high priests
  29 ice dragons
  6 monstrous demonspawn (Pan)
  12 great orbs of eyes
  20 ogre magi
  2 quicksilver dragon skeletons
  30 vault guards
  12 rakshasas
  Harold (D:7)
  10 centaur warriors
  20 hydras
  A catoblepas (D:14)
  A merfolk avatar (Lair:6)
  A hell beast (Pan)
  8 spriggan air magi
  5 death knights
  7 ghost crabs
  5 alligators
  45 two-headed ogres
  6 death yaks (Lair:6)
  9 deep troll shamans
  17 deep troll earth magi
  2 orc high priests
  4 tengu warriors
  3 spriggan berserkers (Depths:4)
  9 vampire magi
  25 dancing weapons
  Urug (D:11)
  2 hell hogs (Hell)
  3 titan zombies
  12 iron golems (Dis:2)
  24 sun demons
  2 thrashing horrors
  7 small abominations
  2 storm dragon zombies
  5 wretched stars
  31 deep elf knights
  7 spatial maelstroms
  12 hell knights
  4 titan skeletons
  33 soul eaters
  A storm dragon skeleton (Crypt:3)
  10 iron trolls
  3 fire crabs (shapeshifter)
  6 shadow wraiths
  A ghost moth zombie (Dis:1)
  16 sixfirhies (Pan)
  138 skeletal warriors
  8 anaconda zombies
  A golden dragon zombie (Tar:6)
  18 deep trolls
  A spriggan druid (Swamp:4)
  5 unseen horrors
  12 flayed ghosts
  An unseen horror (shapeshifter) (Vaults:2)
  5 infernal demonspawn (Pan)
  2 torturous demonspawn (Pan)
  16 wizards
  18 deep elf archers
  7 gelid demonspawn
  23 shadow demons
  28 large abominations
  15 ironbrand convokers
  9 swamp dragons
  4 glowing orange brains
  5 golden dragon skeletons
  5 shambling mangroves
  3 wolf spider zombies
  5 shadow dragon zombies
  7 harpies
  6 necromancers
  A mana viper (shapeshifter) (Depths:4)
  9 orc knights
  27 ugly things
  6 anaconda skeletons
  18 phantasmal warriors
  26 wolf spiders
  3 shining eyes
  6 fire giant zombies
  11 orb spiders
  An orb spider (shapeshifter) (D:15)
  A cyclops (shapeshifter) (Depths:1)
  A manticore (shapeshifter) (Depths:4)
  A wolf spider (shapeshifter) (Vaults:5)
  67 deep elf magi
  2 iron dragon zombies
  4 tengu skeletons
  2 stone giant zombies
  2 worldbinders
  5 orc sorcerers
  5 stone giant skeletons
  A shadow dragon skeleton (Tar:7)
  12 cyclopes
  5 frost giant zombies
  3 manticores
  40 rust devils
  A moth of wrath (Spider:2)
  7 frost giant skeletons
  Maurice (D:8)
  6 iron dragon skeletons
  A salamander (Depths:2)
  A guardian serpent (D:13)
  An elephant (shapeshifter) (Vaults:1)
  3 shock serpent zombies
  4 black mambas
  2 apocalypse crabs (Abyss:3)
  2 elephants (Lair:6)
  19 spiny frogs
  16 vault sentinels
  40 smoke demons
  A spiny frog (shapeshifter) (Vaults:3)
  3 fire giant skeletons
  4 storm dragon simulacra (Coc:7)
  A gargoyle (D:14)
  14 hellions
  2 titan simulacra (Coc:7)
  An eye of devastation (Slime:5)
  5 dire elephant skeletons
  An ice statue (Hell)
  19 orange demons
  A water nymph (shapeshifter) (Vaults:5)
  2 minotaur zombies
  10 efreet
  11 spectral swamp worms (Tar:7)
  3 shock serpent skeletons (Coc:7)
  2 torpor snails
  2 rime drakes (Lair:6)
  A komodo dragon (shapeshifter) (Depths:3)
  A rime drake (shapeshifter) (Abyss:3)
  15 komodo dragons
  4 emperor scorpion zombies
  32 yaktaurs
  20 demonic crawlers
  36 freezing wraiths
  A green draconian skeleton (Crypt:3)
  2 anaconda simulacra (Coc:7)
  A grey draconian zombie (Crypt:2)
  32 tormentors
  6 tengu conjurers
  27 ice devils
  2 ancient zymes
  11 hellwings
  8 tyrant leeches
  23 red devils
  A catoblepas skeleton (Dis:1)
  9 trolls
  3 meliai (D:15)
  6 guardian mummies
  2 harpy zombies
  An iron troll skeleton (Crypt:2)
  25 jumping spiders
  4 polar bears
  5 silent spectres
  13 wind drakes (Pan)
  A tengu simulacrum (Vaults:3)
  6 hydra zombies
  2 meliai (shapeshifter)
  26 hornets
  6 hydra skeletons
  76 slime creatures
  A tarantella zombie (Crypt:3)
  A blink frog (shapeshifter) (Vaults:4)
  A raiju (shapeshifter) (Abyss:3)
  5 fire dragon zombies
  A hippogriff (shapeshifter) (Vaults:1)
  A human simulacrum (Vaults:1)
  5 raiju (Abyss:3)
  4 alligator zombies
  10 hippogriffs
  9 bog bodies
  2 air elementals
  7 ettin zombies
  20 blink frogs
  6 ice dragon skeletons
  4 fire dragon skeletons
  21 shadows
  A tarantella (shapeshifter) (Depths:4)
  A centaur simulacrum (D:14)
  2 ice dragon zombies (Dis:1)
  A redback (shapeshifter) (Depths:3)
  A stone giant simulacrum (Vaults:3)
  A black mamba zombie (Dis:4)
  79 flying skulls
  31 tarantellas
  A satyr skeleton (Crypt:3)
  5 spriggans
  A water elemental (Coc:6)
  3 vampires (Vaults:2)
  A hog (shapeshifter) (Vaults:4)
  3 alligator skeletons
  11 ynoxinuls
  25 wraiths
  57 redbacks
  53 yaks
  7 ettin skeletons
  8 wyverns
  2 basilisks
  7 chaos spawn (Pan)
  A fire bat (shapeshifter) (Vaults:3)
  12 fire elementals
  A basilisk (shapeshifter) (Vaults:2)
  A black mamba skeleton (Crypt:2)
  28 neqoxecs
  5 hogs (Lair:5)
  A golden eye (Abyss:2)
  30 vampire mosquitoes
  2 golden eyes (shapeshifter)
  5 hungry ghosts
  2 monstrous demonspawn zombies
  A naga (shapeshifter) (Vaults:3)
  14 spatial vortices
  A swamp worm (shapeshifter) (Depths:4)
  3 spiny frog zombies
  8 wargs
  13 swamp worms
  An orb spider zombie (Crypt:3)
  3 hydra simulacra
  4 floating eyes
  A floating eye (shapeshifter) (Depths:4)
  3 porcupines
  Duvessa (D:7)
  40 hell hounds
  11 water moccasins
  9 ice beasts
  2 spiny frog skeletons
  52 orc warriors
  14 swamp drakes
  5 black bears
  An eye of draining (shapeshifter) (Depths:3)
  14 necrophages
  5 sky beasts
  5 snapping turtle zombies
  2 alligator simulacra (Coc:7)
  8 eyes of draining
  A lindwurm zombie (Crypt:3)
  A phantom (Tar:2)
  29 wolves
  7 boggarts
  27 centaurs
  46 ogres
  5 snapping turtle skeletons
  12 crocodiles
  A manticore skeleton (Tar:5)
  3 human zombies
  A swamp dragon skeleton (Coc:7)
  A big kobold (D:8)
  A komodo dragon zombie (Crypt:2)
  An elf zombie (Coc:7)
  A rime drake skeleton (Crypt:2)
  15 bullfrogs
  4 earth elementals
  A wyvern zombie (D:8)
  A spiny frog simulacrum (Hell)
  Dowan (D:7)
  4 human skeletons
  4 scorpions
  A wyvern skeleton (D:11)
  A troll zombie (Crypt:1)
  6 killer bees (D:11)
  2 spriggan skeletons
  54 wights
  An electric eel (Lair:2)
  3 howler monkeys (D:7)
  A polar bear skeleton (Crypt:2)
  9 crimson imps
  2 bullfrog zombies
  A quasit (Abyss:1)
  12 starcursed masses (Abyss:1)
  4 centaur zombies
  5 jellies
  21 orc priests
  A black bear skeleton (Crypt:1)
  7 hounds
  37 orc wizards
  2 bullfrog skeletons
  36 iron imps
  11 centaur skeletons
  Jessica (D:6)
  A gnoll shaman (D:6)
  2 iguanas
  Ijyb (D:1)
  16 worker ants
  3 hell rats (Hell)
  A felid zombie (Crypt:2)
  A tengu zombie (Coc:6)
  A naga skeleton (Crypt:2)
  An ogre skeleton (Crypt:1)
  2 hound zombies
  23 mummies
  A worker ant zombie (D:5)
  14 gnolls
  A swamp drake zombie (Crypt:3)
  11 adders
  A naga simulacrum (Coc:7)
  19 shadow imps
  8 white imps
  2 ufetubi (Depths:3)
  6 oozes
  An adder zombie (D:7)
  An adder skeleton (Crypt:1)
  3 worms (D:2)
  3 ball lightnings (Pan)
  5 dart slugs
  3 leopard geckos
  137 orcs
  9 bats
  4 giant cockroaches
  14 hobgoblins
  A jackal (shapeshifter) (Vaults:5)
  14 jackals
  18 kobolds
  2 quokkas
  5 frilled lizards
  A gnoll skeleton (Crypt:1)
  16 goblins
  A goblin skeleton (D:9)
  2 goblin zombies (D:9)
  A hobgoblin zombie (D:9)
  2 jackal skeletons
  A jackal zombie (D:6)
  3 kobold skeletons
  2 kobold zombies
  3 orc zombies
  6 rats
  A bush (Lair:1)
  3 fungi
  A lurking horror (Abyss:3)
  5 plants
  4 starspawn tentacles (Abyss:1)
  7 tentacles
3910 creatures vanquished.

Vanquished Creatures (collateral kills)
  Antaeus (Coc:7)
  2 juggernauts
  A shard shrike (Coc:7)
  A Tzitzimitl (Tar:7)
  3 Ice Fiends (Coc:7)
  2 titans (Vaults:5)
  4 Executioners (Pan)
  An eldritch tentacle (Pan)
  2 ancient champions (Dis:4)
  A storm dragon (Pan)
  A draconian scorcher (Depths:5)
  5 cacodemons (Pan)
  An iron dragon (Depths:5)
  5 balrugs (Pan)
  6 reapers
  2 ironheart preservers (Vaults:4)
  2 blood saints (Pan)
  A very ugly thing (Depths:2)
  A deep elf annihilator (Pan)
  4 lorocyprocas (Pan)
  4 green deaths (Pan)
  2 ettins (Depths:1)
  2 fire dragons
  2 yaktaur captains
  A blizzard demon (Coc:7)
  A quicksilver dragon zombie (Coc:7)
  A great orb of eyes (Depths:1)
  4 vault guards
  A monstrous demonspawn (Pan)
  A quicksilver dragon skeleton (Tar:7)
  An ogre mage (Vaults:3)
  A tengu warrior (Depths:1)
  A deep troll earth mage (Depths:1)
  A two-headed ogre (Depths:2)
  8 soul eaters
  4 sun demons (Pan)
  An iron golem (Dis:2)
  2 deep elf knights (Vaults:4)
  2 titan skeletons
  2 sixfirhies (Pan)
  A shadow wraith (Pan)
  4 skeletal warriors
  An anaconda zombie (Tar:7)
  An infernal demonspawn (Pan)
  An iron troll (Depths:1)
  A deep troll (Depths:1)
  6 large abominations (Pan)
  A shadow demon (Tar:7)
  An unseen horror (Pan)
  A torturous demonspawn (Pan)
  A gelid demonspawn (Pan)
  An orc knight (Vaults:5)
  An orb spider (shapeshifter) (Depths:2)
  2 ugly things (Depths:1)
  A frost giant zombie (Tar:7)
  A stone giant zombie (Tar:7)
  A shadow dragon skeleton (Coc:7)
  A stone giant skeleton (Tar:7)
  2 cyclopes (shapeshifter)
  2 deep elf magi
  A frost giant skeleton (Tar:7)
  A shock serpent zombie (Tar:7)
  A vault sentinel (Vaults:5)
  A smoke demon (Pan)
  A spectral swamp worm (Tar:7)
  2 hellions (Pan)
  4 orange demons (Pan)
  A dire elephant skeleton (Coc:7)
  2 freezing wraiths
  2 demonic crawlers (Pan)
  A tengu conjurer (Depths:1)
  3 yaktaurs
  A hydra zombie (Dis:4)
  5 red devils
  2 hellwings
  2 ice devils (Coc:7)
  A slime creature (Depths:2)
  A fire dragon zombie (Tar:7)
  6 flying skulls
  A ynoxinul (Pan)
  A dire elephant simulacrum (Coc:7)
  A redback (Vaults:5)
  An ettin skeleton (Pan)
  A neqoxec (Pan)
  A hell hound (Depths:2)
  A floating eye (Pan)
  A spiny frog skeleton (Tar:6)
  A manticore zombie (Tar:7)
  A manticore skeleton (Pan)
  A wight (Tar:6)
  3 crimson imps
  A mummy (Dis:4)
  A white imp (Coc:7)
  An ooze (shapeshifter) (Vaults:5)
174 creatures vanquished.

Vanquished Creatures (others)
  4 deep elf master archers
  2 eldritch tentacles (Pan)
  2 shadow dragons
  2 elemental wellsprings (Coc:7)
  3 stone giants
  A yaktaur captain (Depths:5)
  A great orb of eyes (Depths:5)
  A spriggan air mage (Pan)
  2 centaur warriors
  A soul eater (Pan)
  2 deep elf archers
  3 glowing orange brains (Pan)
  A deep elf mage (Vaults:1)
  An orange demon (Pan)
  A tormentor (Dis:1)
  10 yaktaurs
  2 hellwings (Pan)
  3 wind drakes (Pan)
  A shadow (Dis:1)
  A neqoxec (Pan)
  3 centaurs
  An iron imp (Dis:1)
  A hell rat (Hell)
  7 ball lightnings (Pan)
  An orc (Vaults:3)
  A block of ice (Pan)
  8 fungi
  9 plants
  6 starspawn tentacles (Abyss:1)
  13 tentacles
94 creatures vanquished.

Grand Total: 4178 creatures vanquished

Notes
Turn   | Place    | Note
-------+----------+-------------------------------------------
     0 | D:1      | dvd the Minotaur Gladiator began the quest for the Orb.
     0 | D:1      | Reached XP level 1. HP: 18/18 MP: 0/0
   290 | D:1      | Reached XP level 2. HP: 25/25 MP: 1/1
  1047 | D:2      | Reached XP level 3. HP: 30/30 MP: 2/2
  1089 | D:2      | Reached skill level 1 in Armour
  1175 | D:2      | Found an iron altar of Okawaru.
  1181 | D:2      | Became a worshipper of Warmaster Okawaru
  1430 | D:2      | Reached skill level 5 in Axes
  1430 | D:2      | Reached XP level 4. HP: 36/37 MP: 3/3
  1518 | D:2      | Noticed Ijyb
  1550 | D:1      | Killed Ijyb
  2149 | D:3      | Reached XP level 5. HP: 42/42 MP: 4/4
  2930 | D:4      | Reached * piety under Okawaru
  2936 | D:4      | Found a staircase to the Ecumenical Temple.
  3193 | D:4      | Reached XP level 6. HP: 51/51 MP: 5/5
  3204 | D:4      | Found Rathreole's Book Boutique.
  3507 | D:5      | Entered Level 5 of the Dungeon
  3532 | D:5      | Found a shattered altar of Ashenzari.
  3536 | D:5      | Found a glowing golden altar of the Shining One.
  3538 | D:5      | Found a sacrificial altar of Ru.
  3615 | D:5      | Noticed an ice beast
  3623 | D:5      | Killed an ice beast
  3623 | D:5      | Reached skill level 1 in Shields
  3632 | D:5      | Reached XP level 7. HP: 43/57 MP: 4/6
  3743 | D:5      | Reached ** piety under Okawaru
  4586 | D:5      | Identified the Almanac of the Rocks
  4791 | D:6      | Reached XP level 8. HP: 54/67 MP: 7/7
  4873 | D:6      | Reached skill level 5 in Armour
  4879 | D:6      | Found a bloodstained altar of Trog.
  4943 | D:6      | Found a burning altar of Makhleb.
  4967 | D:6      | Reached *** piety under Okawaru
  4972 | D:6      | Reached skill level 5 in Fighting
  5134 | D:6      | Reached skill level 1 in Maces & Flails
  5223 | D:6      | Noticed Jessica
  5231 | D:6      | Found a deep blue altar of Sif Muna.
  5254 | D:6      | Reached skill level 5 in Dodging
  5254 | D:6      | Reached skill level 1 in Stealth
  5256 | D:6      | Killed Jessica
  5984 | D:7      | Reached skill level 5 in Shields
  6034 | D:7      | Reached XP level 9. HP: 60/74 MP: 5/8
  6083 | D:7      | Noticed Harold
  6097 | D:7      | Killed Harold
  6097 | D:7      | Reached **** piety under Okawaru
  6278 | D:7      | Reached skill level 5 in Maces & Flails
  6397 | D:7      | Noticed Duvessa
  6397 | D:7      | Noticed Dowan
  6487 | D:7      | Killed Duvessa
  6487 | D:7      | Reached skill level 1 in Invocations
  6502 | D:7      | Killed Dowan
  6604 | D:7      | Found a hazy altar of Hepliaklqana.
  6865 | D:8      | Noticed Maurice
  6882 | D:8      | Killed Maurice
  6882 | D:8      | Reached XP level 10. HP: 74/84 MP: 7/9
  6931 | D:8      | Found an ancient bone altar of Kikubaaqudgha.
  6951 | D:8      | Reached skill level 10 in Axes
  7085 | D:8      | Found a stormy altar of Qazlal.
  7085 | D:8      | Found a shadowy altar of Dithmenos.
  7223 | D:8      | Reached ***** piety under Okawaru
  7648 | D:8      | Found a shimmering altar of Xom.
  8066 | D:9      | Noticed a two-headed ogre
  8081 | D:9      | Killed a two-headed ogre
  8154 | D:9      | Found a glowing golden altar of the Shining One.
  8647 | D:10     | Entered Level 10 of the Dungeon
  8698 | D:10     | Received a gift from Okawaru
  8742 | D:10     | Reached XP level 11. HP: 75/94 MP: 11/11
  8837 | D:10     | Found a runed door.
  8847 | D:10     | Noticed a deep troll
  8847 | D:10     | Noticed a skeletal warrior
  8861 | D:10     | Killed a skeletal warrior
  8877 | D:10     | Killed a deep troll
  9080 | D:10     | Found a glowing silver altar of Zin.
  9191 | D:10     | Got a faintly glowing battleaxe
  9198 | D:10     | Received a gift from Okawaru
  9631 | D:10     | Identified a scroll of acquirement
  9743 | D:10     | Found Menkywaech's Antique Armour Shop.
  9764 | D:10     | Found Puhigun's Magic Scroll Shoppe.
  9968 | D:11     | Noticed a six-headed hydra
 10090 | D:11     | Noticed an orc knight
 10266 | D:11     | Noticed a five-headed hydra
 10280 | D:11     | Killed a five-headed hydra
 10310 | D:11     | Killed a six-headed hydra
 10539 | D:11     | Killed an orc knight
 10619 | D:11     | Found a staircase to the Lair.
 10646 | D:11     | Noticed Urug
 10658 | D:11     | Killed Urug
 11063 | D:11     | Found a staircase to the Orcish Mines.
 11064 | D:11     | Identified the +10 battleaxe "Muag" {elec, rF+ Str+2 Dex+4}
                  | (You found it on level 10 of the Dungeon)
 11319 | Lair:1   | Entered Level 1 of the Lair of Beasts
 11321 | Lair:1   | Noticed a five-headed hydra
 11330 | Lair:1   | Killed a six-headed hydra
 11330 | Lair:1   | Reached XP level 12. HP: 49/105 MP: 10/13
 11655 | Lair:1   | Noticed a seven-headed hydra
 11685 | Lair:1   | Killed a seven-headed hydra
 12143 | Lair:1   | Reached skill level 10 in Fighting
 12301 | Lair:2   | Found a hole to the Spider Nest.
 12346 | Lair:2   | Received a gift from Okawaru
 12349 | Lair:2   | Got a crude chain mail {god gift}
 12351 | Lair:2   | Reached ****** piety under Okawaru
 12371 | Lair:2   | Identified the +6 chain mail of Okawaru's Envy {rPois rF-
                  | Str+4 Int+5} (Okawaru gifted it to you on level 2 of the
                  | Lair of Beasts)
 12686 | Lair:2   | Found a labyrinth entrance.
 12693 | Lab      | Entered a labyrinth
 12869 | Lab      | Noticed a minotaur
 12880 | Lab      | Killed a minotaur
 12893 | Lab      | Identified the Papyrus of Boosting Flight
 12894 | Lab      | Got a slimy bronze ring
 12896 | Lab      | Identified the ring of Luixkeuc {rF+ EV+1 Str+4} (You found
                  | it in a labyrinth)
 12899 | Lab      | Got a jewelled hand axe
 12904 | Lab      | Gained mutation: You expend magic power (3 MP) to
                  | strengthen your wands. [potion of mutation]
 12904 | Lab      | Gained mutation: Your natural rate of healing is unusually
                  | fast. [potion of mutation]
 12907 | Lab      | Identified the +2 hand axe of Integrity {venom, rF+ Str+3}
                  | (You found it in a labyrinth)
 13264 | Lair:2   | Found a staircase to the Swamp.
 13374 | Lair:3   | Reached skill level 15 in Axes
 13408 | Lair:3   | Noticed a five-headed hydra
 13418 | Lair:3   | Killed a five-headed hydra
 13418 | Lair:3   | Reached skill level 10 in Armour
 13937 | Lair:4   | Reached XP level 13. HP: 115/115 MP: 14/14
 14062 | Lair:4   | Received a gift from Okawaru
 14541 | Lair:4   | Noticed Josephine
 14551 | Lair:4   | Killed Josephine
 14551 | Lair:4   | Reached skill level 10 in Shields
 14755 | Lair:5   | Found a staircase to the Slime Pits.
 14759 | Lair:5   | Found a viscous altar of Jiyva.
 14866 | Lair:5   | Received a gift from Okawaru
 14869 | Lair:5   | Noticed Kirke
 14887 | Lair:5   | Killed Kirke
 14897 | Lair:5   | Got an ebony hand axe {god gift}
 14898 | Lair:5   | Identified the +3 hand axe of a Million Queens {vamp,
                  | Int+10 Dex-5 Stlth+} (Okawaru gifted it to you on level 5
                  | of the Lair of Beasts)
 15368 | Lair:5   | Received a gift from Okawaru
 15702 | Lair:6   | Entered Level 6 of the Lair of Beasts
 15752 | Lair:6   | Reached skill level 5 in Throwing
 15866 | Lair:6   | Reached XP level 14. HP: 59/124 MP: 15/15
 15961 | Lair:6   | Received a gift from Okawaru
 16842 | Orc:1    | Entered Level 1 of the Orcish Mines
 17246 | Orc:2    | Entered Level 2 of the Orcish Mines
 17294 | Orc:2    | Noticed Azrael
 17303 | Orc:2    | Killed Azrael
 17363 | Orc:2    | Found Ocyxoliyty's Armour Emporium.
 17519 | Orc:2    | Found a roughly hewn altar of Beogh.
 17520 | Orc:2    | Found Xeinob's Magic Scroll Boutique.
 17617 | Orc:2    | Noticed an orc warlord
 17629 | Orc:2    | Killed an orc warlord
 17936 | Orc:2    | Noticed Saint Roka
 18405 | Orc:2    | Killed Saint Roka
 18405 | Orc:2    | Received a gift from Okawaru
 18490 | Orc:2    | Found Xoath's Antique Weapon Emporium.
 18491 | Orc:2    | Found a roughly hewn altar of Beogh.
 18496 | Orc:2    | Found Zoidaryzxe's Antique Armour Shoppe.
 18508 | Orc:2    | Bought a runed hat for 196 gold pieces
 18598 | Orc:2    | Found a staircase to the Elven Halls.
 18642 | Orc:2    | Found a roughly hewn altar of Beogh.
 18662 | Orc:2    | Found a roughly hewn altar of Beogh.
 18694 | Orc:2    | Found a roughly hewn altar of Beogh.
 18785 | Orc:2    | Found a roughly hewn altar of Beogh.
 18793 | Orc:2    | Found Batiut's Antique Weapon Emporium.
 19159 | D:12     | Found an opulent altar of Gozag.
 19162 | D:12     | Found Gozag's Platinum Reserve.
 19356 | D:12     | Found the +3 warlock's mirror {reflect}
 19377 | D:12     | Reached XP level 15. HP: 136/136 MP: 17/17
 19396 | D:12     | Received a gift from Okawaru
 19985 | D:13     | Noticed Frances
 19992 | D:13     | Killed Frances
 20948 | D:14     | Found a gate to the Vaults.
 21030 | D:14     | Received a gift from Okawaru
 21302 | D:14     | Found Cutuec's Commerce Corner.
 21662 | D:14     | Received a gift from Okawaru
 21739 | D:14     | Noticed a frost giant
 21741 | D:14     | Noticed a fire giant
 21748 | D:14     | Killed a frost giant
 21757 | D:14     | Killed a fire giant
 21866 | D:14     | Received a gift from Okawaru
 21878 | D:14     | Got a shimmering amethyst amulet
 21879 | D:14     | Identified the amulet of Ephemeral Luck {Inacc rF- Dex+8}
                  | (You found it on level 14 of the Dungeon)
 22159 | D:15     | Entered Level 15 of the Dungeon
 22169 | D:15     | Found a sacrificial altar of Ru.
 22253 | D:15     | Received a gift from Okawaru
 22305 | D:15     | Found a staircase to the Depths.
 22340 | D:15     | Noticed a fire giant
 22344 | D:15     | Reached XP level 16. HP: 121/147 MP: 14/18
 22349 | D:15     | Received a gift from Okawaru
 22778 | Spider:1 | Entered Level 1 of the Spider Nest
 22813 | Spider:1 | Received a gift from Okawaru
 22989 | Spider:1 | Received a gift from Okawaru
 23392 | Spider:2 | Reached skill level 15 in Fighting
 23471 | Spider:2 | Noticed Arachne
 23481 | Spider:2 | Killed Arachne
 23499 | Spider:2 | Received a gift from Okawaru
 23906 | Spider:2 | Identified the ring of Broken Luck {AC+2 Dex+6} (You found
                  | it on level 2 of the Spider Nest)
 24195 | Spider:2 | Noticed Louise
 24204 | Spider:2 | Cast into level 3 of the Abyss (Louise)
 24243 | Abyss:3  | Found a corrupted altar of Lugonu.
 24256 | Abyss:3  | Noticed a bone dragon
 24275 | Abyss:3  | Killed a bone dragon
 24404 | Abyss:3  | Received a gift from Okawaru
 24437 | Abyss:3  | Received a gift from Okawaru
 24472 | Abyss:3  | Noticed a bone dragon
 24491 | Abyss:3  | Killed a bone dragon
 24491 | Abyss:3  | Received a gift from Okawaru
 24491 | Abyss:3  | Reached skill level 5 in Invocations
 24512 | Spider:2 | Escaped the Abyss
 24526 | Spider:2 | Killed Louise
 25003 | Spider:3 | Reached XP level 17. HP: 158/158 MP: 19/19
 26139 | Spider:4 | Entered Level 4 of the Spider Nest
 26807 | Spider:4 | Received a gift from Okawaru
 27035 | Spider:4 | Got a gossamer rune of Zot
 27189 | Spider:4 | Paralysed by a Zot trap for 4 turns
 27508 | Swamp:1  | Entered Level 1 of the Swamp
 27787 | Swamp:2  | Reached skill level 10 in Throwing
 27806 | Swamp:2  | You fall through a shaft!
 27822 | Swamp:4  | Entered Level 4 of the Swamp
 28037 | Swamp:3  | Identified the +3 buckler "Xauthru" {Regen+ Str+4} (You
                  | found it on level 3 of the Swamp)
 28070 | Swamp:3  | Received a gift from Okawaru
 28480 | Swamp:3  | Identified the +2 plate armour of Focus {Str+4 Dex+4
                  | Stlth+} (You found it on level 3 of the Swamp)
 28604 | Swamp:4  | Reached XP level 18. HP: 101/169 MP: 6/21
 28607 | Swamp:4  | Received a gift from Okawaru
 28623 | Swamp:4  | Received a gift from Okawaru
 28642 | Swamp:4  | Got a decaying rune of Zot
 28764 | Swamp:4  | Received a gift from Okawaru
 28765 | Swamp:4  | Found the +8 mithril axe "Arga" {speed, MR+}
 29393 | D:10     | Bought runed gold dragon scales for 2324 gold pieces
 29530 | Vaults:1 | Entered Level 1 of the Vaults
 29723 | Vaults:1 | Received a gift from Okawaru
 29733 | Vaults:1 | Found a portal to a secret trove of treasure.
 29745 | Vaults:1 | Found Oplall's Gadget Shoppe.
 29784 | Vaults:1 | Received a gift from Okawaru
 29995 | D:10     | Bought a scroll of identify for 24 gold pieces
 29995 | D:10     | Bought a scroll of identify for 24 gold pieces
 29995 | D:10     | Bought a scroll of identify for 24 gold pieces
 29995 | D:10     | Bought a scroll of identify for 24 gold pieces
 30313 | Vaults:1 | Received a gift from Okawaru
 30787 | Vaults:1 | Reached skill level 15 in Armour
 31308 | Elf:1    | Entered Level 1 of the Elven Halls
 31329 | Elf:1    | Reached XP level 19. HP: 167/180 MP: 17/22
 31512 | Elf:1    | Got a ruby-encrusted chain mail
 31523 | Elf:1    | Identified the cursed +1 chain mail of Royalty {rPois MR+}
                  | (You found it on level 1 of the Elven Halls)
 31675 | Elf:1    | Received a gift from Okawaru
 32600 | Elf:2    | Found a runed gate.
 32601 | Elf:2    | Found a runed gate.
 32601 | Elf:2    | Found a runed gate.
 32844 | Elf:2    | Received a gift from Okawaru
 33302 | Elf:3    | Entered Level 3 of the Elven Halls
 33666 | Elf:3    | Noticed a Tzitzimitl
 33666 | Elf:3    | Reached skill level 15 in Shields
 33670 | Elf:3    | Noticed a Brimstone Fiend
 33871 | Elf:3    | Received a gift from Okawaru
 33902 | Elf:3    | Identified the Reference Book on Displacement and
                  | Transmigration
 33959 | Elf:3    | Reached XP level 20. HP: 170/193 MP: 20/23
 34002 | Elf:3    | Got a crude mace {drain}
 34003 | Elf:3    | Identified the cursed +1 mace "Hodazih" {drain, *Corrode
                  | rPois Str-4 Dex+9} (You took it off a deep elf death mage
                  | on level 3 of the Elven Halls)
 34112 | Elf:3    | Received a gift from Okawaru
 34219 | Elf:3    | Got a steaming wooden ring
 34323 | Elf:3    | Identified the ring of the Will of the Gods {-Tele rElec
                  | rPois Int+3} (You took it off a deep elf mage on level 3 of
                  | the Elven Halls)
 34325 | Elf:3    | Got a heavily runed granite ring
 34327 | Elf:3    | Identified the ring "Iheist Horgh" {rN+ Int+3 Stlth-} (You
                  | found it on level 3 of the Elven Halls)
 34354 | Elf:3    | Got a heavily runed ring mail
 34365 | Elf:3    | Identified the +10 ring mail of the Devil {-Cast rF+ rC+++
                  | MP-9 Int+3} (You found it on level 3 of the Elven Halls)
 34445 | Elf:3    | Got a scorched scale mail
 34456 | Elf:3    | Identified the cursed +0 scale mail of the Enchanted Forest
                  | {rPois rCorr Str-3 Dex+2} (You found it on level 3 of the
                  | Elven Halls)
 34532 | Elf:3    | Got a brightly glowing chain mail
 34543 | Elf:3    | Identified the +0 chain mail of Ru {*Contam rCorr Int+8}
                  | (You found it on level 3 of the Elven Halls)
 34733 | Elf:3    | Found a radiant altar of Vehumet.
 34839 | Elf:3    | Got a flickering iron amulet
 34841 | Elf:3    | Identified the amulet of Arosung {+Rage rF+ Str+3 Dex+2}
                  | (You acquired it on level 3 of the Elven Halls)
 35241 | Vaults:2 | Received a gift from Okawaru
 35347 | Vaults:2 | Received a gift from Okawaru
 35359 | Vaults:2 | Got an ancient hand axe {god gift}
 35360 | Vaults:2 | Identified the +7 hand axe "Humas" {speed, rPois rC+ Int-3}
                  | (Okawaru gifted it to you on level 2 of the Vaults)
 35646 | Vaults:2 | Noticed Margery
 35663 | Vaults:2 | Killed Margery
 35841 | Vaults:2 | Received a gift from Okawaru
 35846 | Vaults:2 | Got a warped chain mail {god gift}
 35857 | Vaults:2 | Identified the +6 chain mail "Uwyfuryrgh" {rC+} (Okawaru
                  | gifted it to you on level 2 of the Vaults)
 36150 | Vaults:2 | Found a staircase to the Crypt.
 36772 | Vaults:3 | Found Icleam's Food Emporium.
 37026 | Vaults:3 | Reached XP level 21. HP: 203/203 MP: 24/24
 37154 | Vaults:3 | Found the cursed +14 obsidian axe {chop, +Fly SInv *Curse}
 37251 | Vaults:3 | Received a gift from Okawaru
 37508 | Vaults:4 | Got a scintillating golden ring
 37510 | Vaults:4 | Identified the ring "Tarruw" {rPois MR+} (You found it on
                  | level 4 of the Vaults)
 37562 | Vaults:4 | Received a gift from Okawaru
 37672 | Vaults:4 | Received a gift from Okawaru
 37856 | Vaults:4 | Received a gift from Okawaru
 38770 | Vaults:4 | Got a faintly glowing hand axe {god gift}
 38975 | Depths:1 | Entered Level 1 of the Depths
 38975 | Depths:1 | Noticed a golden dragon
 38984 | Depths:1 | Killed a golden dragon
 38984 | Depths:1 | Received a gift from Okawaru
 38993 | Depths:1 | Received a gift from Okawaru
 39069 | Depths:1 | Found a gateway to Hell.
 39079 | Depths:1 | Found a one-way gate leading to the halls of Pandemonium.
 39146 | Depths:1 | Received a gift from Okawaru
 39209 | Depths:1 | Received a gift from Okawaru
 39562 | Depths:1 | Found a shattered altar of Ashenzari.
 39985 | Depths:2 | Reached XP level 22. HP: 191/215 MP: 21/25
 40040 | Depths:2 | Got a pair of bloodstained boots
 40051 | Depths:2 | Identified the cursed +0 pair of boots of Plasticity {rPois
                  | MP+9 Str-2 Slay+5} (You found it on level 2 of the Depths)
 41056 | Vaults:5 | Entered Level 5 of the Vaults
 41062 | Vaults:5 | Reached skill level 5 in Stealth
 41064 | Vaults:5 | Received a gift from Okawaru
 41285 | Vaults:5 | Identified Etomn's Almanac of the Fiery Entourage
 41293 | Vaults:5 | Noticed a golden dragon
 41304 | Vaults:5 | Killed a golden dragon
 41305 | Vaults:5 | Received a gift from Okawaru
 41353 | Vaults:5 | Reached XP level 23. HP: 68/225 MP: 8/27
 41569 | Vaults:5 | Received a gift from Okawaru
 41574 | Vaults:5 | Paralysed by the power of Zot for 5 turns
 41579 | Vaults:5 | HP: 8/227 [large abomination[a deep elf high priest] (9)]
 41872 | Vaults:1 | Identified the +9 hand axe "Uploarun" {venom, *Drain rElec
                  | Int+2} (Okawaru gifted it to you on level 4 of the Vaults)
 41880 | Vaults:1 | You paid a toll of 19 scrolls of identify to enter a
                  | treasure trove
 41881 | Trove    | Entered a treasure trove
 41933 | Trove    | Identified a +2 pair of boots of running (You found it in a
                  | treasure trove)
 41944 | Trove    | Got a faintly glowing plate armour
 41955 | Trove    | Identified the +1 plate armour of the Everdark {Stlth+}
                  | (You found it in a treasure trove)
 41968 | Trove    | Got a translucent shield
 41979 | Trove    | Identified the +4 shield of Jialed {Dex+3} (You found it in
                  | a treasure trove)
 41990 | Trove    | Got a bloodstained plate armour
 42001 | Trove    | Identified the +2 plate armour "Cusepuacw" {Stlth+} (You
                  | found it in a treasure trove)
 42015 | Trove    | Got an encrusted hat
 42026 | Trove    | Identified the +1 hat of Imofunog {+Inv Str-2 Int-2 Dex+9}
                  | (You found it in a treasure trove)
 42197 | Vaults:5 | Got a pair of crude boots {god gift}
 42243 | Vaults:5 | Identified the +0 pair of boots of the First Snow {rCorr
                  | Str+3 Dex-4} (Okawaru gifted it to you on level 5 of the
                  | Vaults)
 42523 | Vaults:5 | Got a silver rune of Zot
 43092 | Vaults:5 | Got a crude bone ring
 43093 | Vaults:5 | Identified the +7 hand axe of the Solstice {vamp, rF++}
                  | (You took it off a deep elf death mage on level 5 of the
                  | Vaults)
 43095 | Vaults:5 | Identified the ring "Ucwiohom" {rElec MR+} (You took it off
                  | a deep elf death mage on level 5 of the Vaults)
 43136 | Vaults:5 | Identified the Disquisition on Malediction and Feathers
 43152 | Vaults:5 | Found Hecyn's Magic Scroll Emporium.
 43160 | Vaults:5 | Identified the Almanac of Aid and Attacks
 43164 | Vaults:5 | Identified Iroj's Disquisition on the Traveller and
                  | Malediction
 43174 | Vaults:5 | Learned a level 2 spell: Blink
 43211 | Vaults:5 | Got a pitted golden ring
 43213 | Vaults:5 | Identified the ring "Patohawn" {rCorr +Inv rF+ rN+ Dex+6}
                  | (You took it off a tengu reaver on level 5 of the Vaults)
 43664 | D:9      | Fell from the grace of Okawaru
 43664 | D:9      | Became a worshipper of the Shining One
 43910 | Crypt:1  | Entered Level 1 of the Crypt
 43923 | Crypt:1  | Reached * piety under the Shining One
 44018 | Crypt:1  | Noticed a greater mummy
 44019 | Crypt:1  | Identified the +6 flail "Xac Faa" {distort, *Slow rN++ MR+}
                  | (You took it off a guardian mummy on level 1 of the Crypt)
 44032 | Crypt:1  | Killed a greater mummy
 44032 | Crypt:1  | Reached ** piety under the Shining One
 44060 | Crypt:1  | Noticed Khufu
 44074 | Crypt:1  | Killed Khufu
 44082 | Crypt:1  | Noticed a greater mummy
 44089 | Crypt:1  | Killed a greater mummy
 44359 | Crypt:1  | Reached *** piety under the Shining One
 44367 | Crypt:1  | Noticed Donald
 44389 | Crypt:1  | Killed Donald
 44698 | Crypt:1  | Reached **** piety under the Shining One
 44891 | Crypt:1  | Reached XP level 24. HP: 237/237 MP: 27/27
 44897 | Crypt:1  | Reached ***** piety under the Shining One
 45466 | Crypt:2  | Reached ****** piety under the Shining One
 45912 | Crypt:3  | Entered Level 3 of the Crypt
 46037 | Crypt:3  | Found a staircase to the Tomb.
 46186 | Crypt:3  | Found an ancient bone altar of Kikubaaqudgha.
 46215 | Crypt:3  | Noticed an ancient lich
 46242 | Crypt:3  | Killed an ancient lich
 46269 | Crypt:3  | Identified Sif Muna's Collected Works on the Ashen
                  | Frostbite
 46273 | Crypt:3  | Identified the +1 scale mail of the Fiend {Int+2} (You
                  | found it on level 3 of the Crypt)
 47510 | Hell     | Entered the Vestibule of Hell
 47510 | Hell     | Noticed Geryon
 47549 | Hell     | Killed Geryon
 47690 | Hell     | Found a gateway to the Iron City of Dis.
 47748 | Hell     | Found a gateway to the freezing wastes of Cocytus.
 47834 | Hell     | Found a gateway to the decaying netherworld of Tartarus.
 47875 | Hell     | Reached skill level 27 in Axes
 47896 | Hell     | Noticed Murray
 47915 | Hell     | Killed Murray
 47938 | Hell     | Reached XP level 25. HP: 198/248 MP: 16/29
 47956 | Hell     | Found a gateway to the ashen valley of Gehenna.
 48384 | Depths:3 | Noticed Sojobo
 48408 | Depths:3 | Killed Sojobo
 48484 | Depths:3 | Was forgiven by Okawaru
 48845 | Depths:3 | Noticed Asterion
 48847 | Depths:3 | Noticed a juggernaut
 48856 | Depths:3 | Killed a juggernaut
 48856 | Depths:3 | Reached skill level 10 in Invocations
 48857 | Depths:3 | Killed Asterion
 48864 | Depths:3 | Got a shimmering silver ring
 48879 | Depths:3 | Identified a +4 broad axe of holy wrath (a +2 broad axe of
                  | electrocution blessed by the Shining One)
 48879 | Depths:3 | Received a gift from the Shining One
 49394 | Depths:4 | Identified the ring of Suhuh {*Tele rElec SInv} (You took
                  | it off a spriggan air mage on level 3 of the Depths)
 49561 | Depths:4 | Found an ancient bone altar of Kikubaaqudgha.
 49562 | Depths:4 | Found a shimmering altar of Xom.
 49562 | Depths:4 | Found a basalt altar of Yredelemnul.
 49562 | Depths:4 | Found a burning altar of Makhleb.
 49701 | Depths:4 | Found a one-way gate to the infinite horrors of the Abyss.
 49821 | Depths:4 | Voluntarily entered the Abyss.
 50066 | Abyss:1  | Found a corrupted altar of Lugonu.
 50085 | Abyss:1  | Gained mutation: Armour fits poorly on your strangely
                  | shaped body. [a neqoxec]
 50245 | Abyss:3  | Lost intelligence.
 50273 | Abyss:3  | Gained mutation: Your magical capacity is extremely low.
                  | (-30% MP) [a neqoxec]
 50315 | Abyss:3  | Reached XP level 26. HP: 189/260 MP: 21/27
 50344 | Abyss:3  | Got an abyssal rune of Zot
 50355 | Depths:4 | Escaped the Abyss
 50398 | Depths:4 | Identified the Collected Works on Fire
 50399 | Depths:4 | Found the +0 Maxwell's etheric cage {RegenMP+ *Contam rElec
                  | MP+4}
 50399 | Depths:4 | Got a bound emerald amulet
 50402 | Depths:4 | Identified the amulet "Voutweew" {Harm *Drain rN+ Dex+4}
                  | (You found it on level 4 of the Depths)
 50462 | Depths:4 | Noticed a juggernaut
 50475 | Depths:4 | Killed a juggernaut
 51262 | Depths:4 | Got a smoking chain mail
 51273 | Depths:4 | Identified the +8 chain mail of Pyill {Regen+} (You found
                  | it on level 4 of the Depths)
 51880 | Slime:1  | Entered Level 1 of the Pits of Slime
 51942 | Slime:3  | Gained mutation: You are clumsy. (Dex -2) [a shining eye]
 52047 | Slime:4  | Paralysed by a floating eye for 3 turns
 52105 | Slime:5  | Entered Level 5 of the Pits of Slime
 52136 | Slime:5  | Found a viscous altar of Jiyva.
 52136 | Slime:5  | Noticed the Royal Jelly
 52138 | Slime:5  | Found the +8 lance "Wyrmbane" {slay drac, rPois rF+ rC+
                  | AC+3}
 52147 | Slime:5  | Killed the Royal Jelly
 52151 | Slime:5  | Found the +9 staff of Wucad Mu {channel}
 52221 | Slime:5  | Identified a +1 pair of boots of running (You found it on
                  | level 5 of the Pits of Slime)
 52237 | Slime:5  | Got a spiked plate armour
 52248 | Slime:5  | Identified the +0 plate armour of Spite {rPois rCorr} (You
                  | found it on level 5 of the Pits of Slime)
 52267 | Slime:5  | Got a slimy rune of Zot
 52310 | Slime:5  | Identified the Incunabulum of Spatial Lightness
 52357 | Slime:5  | Identified the +1 ring mail of Duck's Teeth {*Contam rElec
                  | Int+7 Stlth+} (You found it on level 5 of the Pits of
                  | Slime)
 52475 | Slime:1  | Gained mutation: You are dopey. (Int -2) [a shining eye]
 52480 | Lair:5   | Lost mutation: You are clumsy. (Dex -2) [potion of
                  | mutation]
 52480 | Lair:5   | Lost mutation: You expend magic power (3 MP) to strengthen
                  | your wands. [potion of mutation]
 52480 | Lair:5   | Lost mutation: You are dopey. (Int -2) [potion of mutation]
 52480 | Lair:5   | Gained mutation: You are resistant to hostile enchantments.
                  | (MR+) [potion of mutation]
 52480 | Lair:5   | Gained mutation: You are clumsy. (Dex -2) [potion of
                  | mutation]
 52480 | Lair:5   | Lost mutation: You are resistant to hostile enchantments.
                  | (MR+) [potion of mutation]
 52480 | Lair:5   | Gained mutation: Your flesh is cold resistant. (rC+)
                  | [potion of mutation]
 52481 | Lair:5   | Lost mutation: Your magical capacity is low. (-10% MP)
                  | [potion of mutation]
 52481 | Lair:5   | Lost mutation: Armour fits poorly on your strangely shaped
                  | body. [potion of mutation]
 52481 | Lair:5   | Lost mutation: Your natural rate of healing is unusually
                  | fast. [potion of mutation]
 52481 | Lair:5   | Gained mutation: You are partially covered in molten
                  | scales. (AC +2) [potion of mutation]
 52481 | Lair:5   | Gained mutation: Potions are less effective at restoring
                  | your health. [potion of mutation]
 52481 | Lair:5   | Gained mutation: You are robust. (+10% HP) [potion of
                  | mutation]
 52752 | Pan      | Entered Pandemonium
 52918 | Pan      | Entered the realm of Cerebov.
 52948 | Pan      | Reached skill level 27 in Fighting
 53014 | Pan      | Got a brightly glowing morningstar
 53015 | Pan      | Identified the +6 morningstar of Luahoty {crush, rElec rC-
                  | Dex+4} (You found it in Pandemonium)
 53096 | Pan      | Got a smoking shield
 53107 | Pan      | Identified the cursed +0 shield of Objectivity {rN++ MR+}
                  | (You found it in Pandemonium)
 53174 | Pan      | Noticed Cerebov
 53215 | Pan      | Killed Cerebov
 53231 | Pan      | Got a fiery rune of Zot
 53512 | Pan      | Reached XP level 27. HP: 300/300 MP: 32/32
 53563 | Pan      | Noticed Omor the pandemonium lord
 53575 | Pan      | Killed Omor the pandemonium lord
 53590 | Pan      | Entered the realm of Lom Lobon.
 54153 | Pan      | Noticed Lom Lobon
 54194 | Pan      | Killed Lom Lobon
 54194 | Pan      | Reached skill level 10 in Dodging
 54224 | Pan      | Reached skill level 1 in Evocations
 54279 | Pan      | Got a magical rune of Zot
 54659 | Pan      | Gained mutation: You are very clumsy. (Dex -4) [a neqoxec]
 54659 | Pan      | Noticed Caomarghi the pandemonium lord
 54681 | Pan      | Killed Caomarghi the pandemonium lord
 54692 | Pan      | Reached skill level 15 in Invocations
 55011 | Pan      | Found an exit through the horrors of the Abyss.
 55297 | Pan      | Entered the realm of Gloorx Vloq.
 55297 | Pan      | Found an exit through the horrors of the Abyss.
 55700 | Pan      | Noticed Gloorx Vloq
 55707 | Pan      | Killed Gloorx Vloq
 55729 | Pan      | Got a dark rune of Zot
 55934 | Pan      | Noticed Fuuxaa Cabu the pandemonium lord
 55945 | Pan      | Killed Fuuxaa Cabu the pandemonium lord
 55958 | Pan      | Lost mutation: You are robust. (+10% HP) [a neqoxec]
 56061 | Pan      | Entered the realm of Mnoleg.
 56061 | Pan      | Found an exit through the horrors of the Abyss.
 56071 | Pan      | Paralysed by a floating eye for 2 turns
 56112 | Pan      | Gained mutation: Your magical capacity is low. (-10% MP) [a
                  | cacodemon]
 56120 | Pan      | Gained mutation: You are frail. (-10% HP) [a neqoxec]
 56254 | Pan      | Gained mutation: You occasionally shout uncontrollably at
                  | your foes. [a shining eye]
 56433 | Pan      | Noticed Mnoleg
 56438 | Pan      | Paralysed by a floating eye for 4 turns
 56445 | Pan      | Gained mutation: You are very frail. (-20% HP) [a
                  | cacodemon]
 56447 | Pan      | Gained mutation: You are extremely frail. (-30% HP) [a
                  | cacodemon]
 56449 | Pan      | Gained mutation: Your spells are a little easier to cast,
                  | but a little less powerful. [a cacodemon]
 56452 | Pan      | The Shining One protects you from harm!
 56504 | Pan      | Lost mutation: Potions are less effective at restoring your
                  | health. [potion of mutation]
 56504 | Pan      | Lost mutation: Your magical capacity is low. (-10% MP)
                  | [potion of mutation]
 56504 | Pan      | Lost mutation: You are extremely frail. (-30% HP) [potion
                  | of mutation]
 56530 | Pan      | Gained mutation: Armour fits poorly on your strangely
                  | shaped body. [a cacodemon]
 56581 | Pan      | Gained mutation: Your magical capacity is low. (-10% MP) [a
                  | neqoxec]
 56623 | Pan      | Lost mutation: Your magical capacity is low. (-10% MP)
                  | [potion of mutation]
 56623 | Pan      | Lost mutation: You are very frail. (-20% HP) [potion of
                  | mutation]
 56623 | Pan      | Gained mutation: You are partially covered in iridescent
                  | scales. (AC +2) [potion of mutation]
 56682 | Pan      | Killed Mnoleg
 56694 | Pan      | Got a glowing rune of Zot
 56951 | Pan      | Noticed Uclag the pandemonium lord
 56971 | Pan      | Gained mutation: Your spells are easier to cast, but less
                  | powerful. [a cacodemon]
 56972 | Pan      | Killed Uclag the pandemonium lord
 56972 | Pan      | Gained mutation: You are very frail. (-20% HP) [a
                  | cacodemon]
 56981 | Pan      | Lost mutation: You are very frail. (-20% HP) [a cacodemon]
 57018 | Pan      | Found a runed door.
 57035 | Pan      | Got a demonic rune of Zot
 57137 | Pan      | Identified the amulet of the Cockatrice {+Rage Str+2 Int+3}
                  | (You found it in Pandemonium)
 57306 | Pan      | Gained mutation: Your magical capacity is low. (-10% MP) [a
                  | cacodemon]
 57320 | Pan      | Found an exit through the horrors of the Abyss.
 57993 | Pan      | Took an exit into the Abyss.
 57993 | Abyss:1  | Escaped into the Abyss
 58101 | Depths:1 | Escaped the Abyss
 58151 | Depths:5 | Entered Level 5 of the Depths
 58158 | Depths:5 | Noticed a juggernaut
 58160 | Depths:5 | Noticed a juggernaut
 58167 | Depths:5 | Killed a juggernaut
 58184 | Depths:5 | Killed a juggernaut
 58221 | Depths:5 | Found Huggyuf's Jewellery Emporium.
 58352 | Depths:5 | Found Agigyir's Assorted Antiques.
 58558 | Depths:5 | Found a gate to the Realm of Zot.
 58628 | Depths:5 | Identified the cursed +1 dire flail of Indomitability
                  | {crush, +Blink rC+ Dex+4} (You found it on level 5 of the
                  | Depths)
 58634 | Depths:5 | Found a gateway to a ziggurat.
 58667 | Depths:5 | Lost mutation: You are partially covered in molten scales.
                  | (AC +2) [potion of mutation]
 58667 | Depths:5 | Lost mutation: Your magical capacity is low. (-10% MP)
                  | [potion of mutation]
 58667 | Depths:5 | Gained mutation: Your mind is acute. (Int +2) [potion of
                  | mutation]
 58667 | Depths:5 | Gained mutation: You passively map a small area around you.
                  | [potion of mutation]
 58717 | Tar:1    | Entered Level 1 of Tartarus
 58774 | Tar:1    | Gained mutation: You are weak. (Str -2) [mutagenic glow]
 59924 | Tar:5    | Reached skill level 27 in Shields
 60118 | Tar:7    | Entered Level 7 of Tartarus
 60337 | Tar:7    | Reached skill level 15 in Dodging
 60698 | Tar:7    | Noticed Ereshkigal
 60714 | Tar:7    | Killed Ereshkigal
 60738 | Tar:7    | Got a bone rune of Zot
 60742 | Tar:7    | Got an ancient hat
 60743 | Tar:7    | Identified the +2 hat of Music {-Cast +Blink rN+ Int+2}
                  | (You found it on level 7 of Tartarus)
 61319 | Tar:7    | Found the macabre finger necklace {rN+}
 61344 | Tar:7    | Identified the +3 leather armour of Guki {+Inv Str+6
                  | Stlth-} (You found it on level 7 of Tartarus)
 61655 | Coc:1    | Entered Level 1 of Cocytus
 62015 | Coc:7    | Entered Level 7 of Cocytus
 62614 | Coc:7    | Noticed the Serpent of Hell
 62632 | Coc:7    | Killed the Serpent of Hell
 62632 | Coc:7    | Reached skill level 27 in Armour
 62910 | Coc:7    | Noticed Antaeus
 62946 | Coc:7    | Killed Antaeus
 62948 | Coc:7    | HP: 10/245 [Ice Fiend (6)]
 62973 | Coc:7    | Got a wavering ivory ring
 62974 | Coc:7    | Identified the ring "Reafruku" {rPois Dex+3} (You took it
                  | off Antaeus on level 7 of Cocytus)
 63239 | Coc:7    | Identified the +1 ring mail "Heagics" {rPois Int+7} (You
                  | found it on level 7 of Cocytus)
 63299 | Coc:7    | Got an icy rune of Zot
 63342 | Coc:7    | Identified the +6 arbalest "Rostri" {venom, rC+++} (You
                  | found it on level 7 of Cocytus)
 63659 | Dis:1    | Entered Level 1 of the Iron City of Dis
 65414 | Dis:4    | Slain by an iron giant

Skill      XL: |  1  2  3  4  5  6  7  8  9 10 11 12 13 14 15 16 17 18 19 20 21 22 23 24 25 26 27 |
---------------+----------------------------------------------------------------------------------+-----
Axes           | 4 5 6 7 8 9 11 13 15 17 19 20 21 22 23 24 25 26 27 | 27.0
Armour         | 1 2 3 4 5 6 8 9 10 11 12 13 14 15 16 17 18 19 20 21 22 23 27 | 27.0
Dodging        | 4 5 6 7 8 9 18 | 18.7
Fighting       | 3 4 5 6 8 9 10 11 13 14 16 17 18 19 20 21 22 23 24 25 27 | 27.0
Shields        | 1 2 5 6 7 9 10 11 12 14 15 16 17 18 19 21 22 27 | 27.0
Maces & Flails | 3 5 6 7 |  7.2
Stealth        | 1 2 3 4 5 |  5.5
Invocations    | 1 2 3 4 5 6 7 9 11 13 25 | 25.3
Throwing       | 3 4 5 6 8 10 11 14 | 14.6
Evocations     | 1 |  1.9

Action                   |  1- 3 |  4- 6 |  7- 9 | 10-12 | 13-15 | 16-18 | 19-21 | 22-24 | 25-27 || total
-------------------------+-------+-------+-------+-------+-------+-------+-------+-------+-------++-------
Melee: War axe           |    72 |    90 |       |   179 |       |       |       |       |       ||   341
       Headbutt          |     9 |    21 |    60 |   113 |   191 |   306 |   403 |   605 |  1415 ||  3123
       Hand axe          |       |    58 |   217 |   190 |       |       |       |     5 |       ||   470
       Flail             |       |       |    50 |    25 |       |       |       |       |       ||    75
       Battleaxe         |       |       |       |   137 |   701 |   586 |       |       |       ||  1424
       Punch             |       |       |       |     2 |       |       |       |       |       ||     2
       Mace              |       |       |       |     7 |     3 |       |       |       |       ||    10
       Eveningstar       |       |       |       |       |     5 |       |       |       |       ||     5
       Broad axe         |       |       |       |       |       |   279 |  1135 |  1409 |  3654 ||  6477
Throw: Tomahawk          |       |       |       |    50 |       |       |       |       |       ||    50
       Javelin           |       |       |       |       |    87 |   148 |    62 |    27 |    42 ||   366
Invok: Heroism           |       |     2 |     7 |    17 |    20 |    14 |    11 |     8 |       ||    79
       Finesse           |       |       |       |     1 |     1 |     3 |     4 |     3 |       ||    12
       Cleansing Flame   |       |       |       |       |       |       |       |     5 |    81 ||    86
       Divine Shield     |       |       |       |       |       |       |       |     1 |    20 ||    21
       Summon Divine War |       |       |       |       |       |       |       |       |    23 ||    23
       Brand Weapon With |       |       |       |       |       |       |       |       |     1 ||     1
Evoke: Wand              |       |       |       |       |       |       |       |     4 |     7 ||    11
  Use: Scroll            |       |     5 |       |    14 |     7 |     7 |     9 |     8 |    35 ||    85
       Potion            |       |       |     1 |     7 |     4 |     1 |     2 |    10 |    32 ||    57
 Stab: Petrified         |       |       |       |       |     3 |       |       |       |       ||     3
       Petrifying        |       |       |       |       |     1 |       |       |       |       ||     1
       Distracted        |       |       |       |       |       |       |    10 |     9 |       ||    19
  Eat: Chunk             |     1 |     8 |    10 |    19 |    28 |    22 |    24 |    15 |    35 ||   162
       Ration            |       |       |       |     1 |       |     2 |     1 |     4 |    13 ||    21
Armor: Leather armour    |    14 |       |    21 |       |       |       |       |       |       ||    35
       Ring mail         |    12 |    37 |     8 |       |       |       |       |       |       ||    57
       Scale mail        |       |       |    20 |   132 |       |       |       |       |       ||   152
       Chain mail        |       |       |       |    35 |   245 |   353 |       |       |       ||   633
       Skin              |       |       |       |       |     3 |       |       |       |       ||     3
       Gold dragon scale |       |       |       |       |       |    65 |   273 |   419 |  1214 ||  1971
Dodge: Dodged            |    42 |   106 |    91 |   264 |   432 |   625 |   221 |   358 |  1056 ||  3195
Block: Shield            |       |     7 |   141 |   207 |       |       |       |       |       ||   355
       Other             |       |       |       |    25 |   162 |   177 |       |       |       ||   364
       Reflection        |       |       |       |       |    11 |    28 |    81 |    44 |    99 ||   263
       Buckler           |       |       |       |       |       |   173 |   636 |   919 |  3100 ||  4828
